[Event "January 2 Late 2024"]
[Site "https://www.chess.com"]
[Date "2024.01.02"]
[Round "9"]
[White "Estrada Nieto, Julian"]
[Black "Dubreuil, Julien"]
[Result "1/2-1/2"]
[Board "92"]
[TimeControl "180+1"]
[WhiteFideId "5101018"]
[BlackFideId "621285"]
[WhiteElo "2517"]
[BlackElo "2368"]
[WhiteTeam "ESP"]
[BlackTeam "FRA"]
[WhiteClock "0:00:15"]
[BlackClock "0:00:11"]

1. e4 c5 2. Nf3 Nc6 3. Bb5 e6 4. O-O Nge7 5. Re1 g6 6. c3 Bg7 7. d4 cxd4 8. cxd4 d5 9. e5 h6 10. b3 O-O 11. Ba3 Re8 12. Bxe7 Qxe7 13. Bxc6 bxc6 14. Qc2 Bd7 15. Nbd2 a5 16. a3 Reb8 17. Rac1 Qxa3 18. h4 Qb4 19. Ra1 Rb5 20. Rec1 Rab8 21. Ra4 Qe7 22. Qc3 g5 23. hxg5 hxg5 24. Rxa5 g4 25. Rxb5 Rxb5 26. Nh2 Qg5 27. Qe3 Qxe3 28. fxe3 g3 29. Ng4 Ra5 30. Nf1 Ra2 31. Nxg3 Rb2 32. Rc3 Kh7 33. Nh5 Kg6 34. Nxg7 Kxg7 35. Nf6 Bc8 36. Rxc6 Bb7 37. Rb6 Bc8 38. b4 Kg6 39. g4 Kg5 40. Rb8 Ba6 41. Rg8+ Kh4 42. Rg7 Kg3 43. Nh5+ Kf3 44. Rxf7+ Kxg4 45. Nf6+ Kf3 46. Nxd5+ Ke4 47. Nf6+ Kxe3 48. Ng4+ Kxd4 49. Rf6 Kd5 50. Rf2 Rxb4 51. Rd2+ Rd4 52. Nf6+ Kxe5 53. Nd7+ Kd5 54. Nb6+ Ke4 55. Rxd4+ Kxd4 56. Nd7 e5 57. Nxe5 1/2-1/2

[Event "January 2 Late 2024"]
[Site "https://www.chess.com"]
[Date "2024.01.02"]
[Round "9"]
[White "Dinu, Dumitru-Daniel"]
[Black "CRObliterator"]
[Result "0-1"]
[Board "93"]
[TimeControl "180+1"]
[WhiteFideId "1208403"]
[WhiteElo "2517"]
[BlackElo "2374"]
[WhiteTeam "ROU"]
[WhiteClock "0:00:11"]
[BlackClock "0:00:14"]

1. e4 e5 2. Nf3 Nc6 3. Nc3 Nf6 4. d4 exd4 5. Nxd4 Bb4 6. Nxc6 bxc6 7. Bd3 d5 8. Bd2 O-O 9. O-O Bg4 10. Qc1 Bxc3 11. Bxc3 Nxe4 12. Bxe4 dxe4 13. Qf4 f5 14. Qe5 Rf7 15. h3 Bh5 16. Kh1 Qd6 17. Qa5 Qh6 18. Qe5 Qd6 19. Qa5 Re8 20. Qxa7 f4 21. Qd4 Qh6 22. Rae1 Bf3 23. gxf3 Qxh3+ 24. Kg1 Re6 25. Qxe4 Rxe4 26. Rxe4 Rf5 27. Re5 Rxe5 28. Bxe5 Qxf3 29. Re1 Qg4+ 30. Kf1 f3 31. Re3 Qc4+ 32. Ke1 Qxc2 33. Rxf3 Qb1+ 34. Ke2 Qxa2 35. Bc3 Qc4+ 36. Ke1 h5 37. Rg3 Qe6+ 38. Kf1 Qe7 39. Kg2 g5 40. Bd2 g4 41. Re3 Qf7 42. Bc3 Qd5+ 43. Kg1 Qd1+ 44. Kg2 h4 45. Re8+ Kf7 46. Re5 Qf3+ 47. Kg1 h3 48. Kf1 h2 49. Rh5 h1=Q+ 50. Rxh1 Qxh1+ 51. Ke2 Qf3+ 52. Kf1 Qd5 53. Bd4 Ke6 54. Be3 Kf5 55. Ke2 Qf3+ 56. Kd3 Qe4+ 57. Kc3 Qd5 58. b4 Ke4 59. Bc5 Kf3 60. Be3 Qe4 61. Bc5 Qe2 62. Kb3 Qxf2 63. Bxf2 Kxf2 64. Kc4 g3 65. Kc5 g2 66. Kxc6 g1=Q 67. Kxc7 Qb1 0-1

[Event "January 2 Late 2024"]
[Site "https://www.chess.com"]
[Date "2024.01.02"]
[Round "9"]
[White "Suvorov, Luca"]
[Black "Lalanne, Pablo"]
[Result "1/2-1/2"]
[Board "94"]
[TimeControl "180+1"]
[WhiteFideId "12977071"]
[BlackFideId "112151"]
[WhiteElo "2515"]
[BlackElo "2320"]
[WhiteTeam "GER"]
[BlackTeam "ARG"]
[WhiteClock "0:00:10"]
[BlackClock "0:00:14"]

1. Nf3 c5 2. g3 d5 3. Bg2 Nf6 4. O-O e6 5. d3 Nc6 6. Nbd2 Be7 7. e4 O-O 8. Re1 b5 9. e5 Nd7 10. Nf1 Qc7 11. Bf4 Bb7 12. h4 d4 13. h5 h6 14. N1h2 Nb6 15. Ng4 Nd5 16. Qd2 Nxf4 17. Qxf4 Kh7 18. a4 Nb4 19. Qd2 a6 20. c3 dxc3 21. bxc3 Nd5 22. c4 bxc4 23. dxc4 Nb4 24. Red1 Rad8 25. Qf4 Bc6 26. Nd2 Bxg2 27. Kxg2 Qc6+ 28. Ne4 Bg5 29. Qf3 Rd4 30. Rxd4 cxd4 31. Rb1 Qxa4 32. Nxg5+ hxg5 33. Qe4+ Kh8 34. h6 Qc2 35. hxg7+ Kxg7 36. Nf6 Qxe4+ 37. Nxe4 Nc6 38. f4 gxf4 39. gxf4 f5 40. Nc5 Re8 41. Kf3 a5 42. Rb6 Nb4 43. Rb7+ Kg6 44. Nd7 Rc8 45. c5 d3 46. Ke3 Nd5+ 47. Kxd3 Nxf4+ 48. Kc4 Nd5 49. Ra7 Rc7 50. Rxc7 Nxc7 51. Nf8+ Kf7 52. Nd7 f4 53. Nb6 f3 54. Kd3 Na6 55. c6 Nc5+ 56. Ke3 Na6 57. Na8 a4 58. c7 Nxc7 59. Nxc7 a3 60. Nb5 a2 61. Nd6+ Kg8 62. Kxf3 a1=Q 63. Kf4 Qd4+ 64. Ne4 Qd5 65. Nf6+ Kf7 66. Nxd5 exd5 67. Kf5 Ke7 68. Kf4 Ke6 69. Ke3 Kxe5 70. Kd3 d4 71. Kd2 Kd5 72. Kd3 Ke5 73. Kd2 Ke4 74. Ke2 d3+ 75. Kd2 Kd4 76. Kd1 Ke3 77. Ke1 d2+ 78. Kd1 Kd3 1/2-1/2

[Event "January 2 Late 2024"]
[Site "https://www.chess.com"]
[Date "2024.01.02"]
[Round "9"]
[White "Salazar Farias, Luis German"]
[Black "Zampronha, Wladimir Camilo"]
[Result "1-0"]
[Board "95"]
[TimeControl "180+1"]
[WhiteFideId "3902170"]
[BlackFideId "2103087"]
[WhiteElo "2509"]
[BlackElo "2339"]
[WhiteTeam "VEN"]
[BlackTeam "BRA"]
[WhiteClock "0:01:09"]
[BlackClock "0:01:33"]

1. d4 Nf6 2. c4 e6 3. Nf3 c5 4. d5 exd5 5. cxd5 d6 6. Nc3 g6 7. Nd2 Bg7 8. e4 O-O 9. Be2 Re8 10. O-O a6 11. a4 Nbd7 12. f4 Qc7 13. Kh1 Rb8 14. e5 dxe5 15. Nc4 e4 16. f5 Nb6 17. Bf4 Qd8 18. Bxb8 Nxc4 19. Bxc4 Bxf5 20. Bg3 e3 21. d6 Qb6 22. Rxf5 gxf5 23. Nd5 Nxd5 24. Qxd5 Rf8 25. d7 Qxb2 26. Qxf7+ Rxf7 27. d8=Q+ Bf8 28. Re1 Qd2 29. Qe8 1-0

[Event "January 2 Late 2024"]
[Site "https://www.chess.com"]
[Date "2024.01.02"]
[Round "9"]
[White "Tagliati, Eleonore"]
[Black "Horak, Martin"]
[Result "1-0"]
[Board "96"]
[TimeControl "180+1"]
[WhiteFideId "45172234"]
[BlackFideId "367095"]
[WhiteElo "2228"]
[BlackElo "2507"]
[WhiteTeam "FRA"]
[BlackTeam "CZE"]
[WhiteClock "0:00:10"]
[BlackClock "0:00:02"]

1. e4 c5 2. Nf3 Nc6 3. Bb5 Nf6 4. Nc3 Qc7 5. O-O Nd4 6. Bc4 e6 7. d3 Ng4 8. g3 Nxf3+ 9. Qxf3 Ne5 10. Qe2 a6 11. Bb3 b5 12. Bf4 Be7 13. Rad1 Bb7 14. a4 Bc6 15. axb5 axb5 16. Nb1 g5 17. Bxe5 Qxe5 18. c3 h5 19. Nd2 g4 20. f4 gxf3 21. Nxf3 Qg7 22. Kh1 h4 23. gxh4 O-O-O 24. Rg1 Qh6 25. Rdf1 Rdg8 26. Rxg8+ Rxg8 27. Ne5 Bb7 28. Rxf7 Qxh4 29. Nf3 Qh6 30. Rxe7 c4 31. Bc2 Qc1+ 32. Ne1 cxd3 33. Bxd3 Qg5 34. Qg2 Qxe7 35. Qxg8+ Kc7 36. Qg3+ Kb6 37. Qe3+ Ka6 38. Nc2 Qh4 39. Nb4+ Ka5 40. Qa7+ 1-0

[Event "January 2 Late 2024"]
[Site "https://www.chess.com"]
[Date "2024.01.02"]
[Round "9"]
[White "Shapiro, Viktor"]
[Black "Slavin, Alexey"]
[Result "0-1"]
[Board "97"]
[TimeControl "180+1"]
[WhiteFideId "4175700"]
[BlackFideId "24104388"]
[WhiteElo "2503"]
[BlackElo "2282"]
[WhiteTeam "RUS"]
[BlackTeam "RUS"]
[WhiteClock "0:00:00"]
[BlackClock "0:00:37"]

1. c4 Nc6 2. Nc3 Ne5 3. e3 Ng6 4. h4 e5 5. h5 N6e7 6. Nf3 d6 7. d4 Nc6 8. d5 Nce7 9. e4 h6 10. Be2 Nf6 11. Nh4 Bd7 12. g4 Nh7 13. Nf5 Bxf5 14. gxf5 Ng8 15. Be3 Be7 16. Rg1 Bg5 17. Qd2 Bxe3 18. Qxe3 Ng5 19. c5 a6 20. O-O-O Nf6 21. Kb1 Nfh7 22. f4 exf4 23. Qxf4 O-O 24. e5 dxe5 25. Qxe5 Re8 26. Qf4 Qf6 27. d6 cxd6 28. cxd6 Rad8 29. Rd5 b5 30. Rgd1 b4 31. Qxb4 Nf8 32. Bxa6 Re5 33. Rxe5 Qxe5 34. Rd5 Qe1+ 35. Kc2 Nf3 36. Qf4 Qh1 37. Be2 Ng5 38. a4 Nd7 39. Qd4 Rc8 40. Bb5 Nf6 41. d7 Rd8 42. Rd6 Nf3 43. Qd3 Ne1+ 44. Kb3 Nxd3 45. Rxd3 Qb7 0-1

[Event "January 2 Late 2024"]
[Site "https://www.chess.com"]
[Date "2024.01.02"]
[Round "9"]
[White "Kovacevic, Radmila"]
[Black "Mazi, Leon"]
[Result "0-1"]
[Board "98"]
[TimeControl "180+1"]
[WhiteFideId "933171"]
[BlackFideId "14600315"]
[WhiteElo "2200"]
[BlackElo "2502"]
[WhiteTeam "SRB"]
[BlackTeam "SLO"]
[WhiteClock "0:00:00"]
[BlackClock "0:00:22"]

1. e4 c5 2. Nf3 Nc6 3. c3 Nf6 4. e5 Nd5 5. d4 cxd4 6. cxd4 d6 7. Bc4 Nb6 8. Bxf7+ Kxf7 9. Ng5+ Kg8 10. Qf3 Qe8 11. e6 Nd8 12. d5 h6 13. Nh3 g5 14. O-O Bg7 15. Rd1 Qg6 16. g4 Kh7 17. Nc3 Rf8 18. Qe2 Bxc3 19. bxc3 Na4 20. Rd3 b6 21. Re3 Bb7 22. Qc4 Nc5 23. Qd4 Ba6 24. Bd2 Ndb7 25. Rae1 Na5 26. Rg3 Nd3 27. Nxg5+ Kg8 28. Nf7 Rxf7 29. exf7+ Kxf7 30. Re6 Qh7 31. Rf3+ Ke8 32. Rxh6 Ne5 33. Re3 Qxh6 34. Rxe5 Qg7 35. Qa4+ Kd8 36. Re3 Qg8 37. Qe4 Qg7 38. Rh3 Nc4 39. Bc1 Ne5 40. f3 Rc8 41. Rh7 Qg8 42. Bd2 Rc4 0-1

[Event "January 2 Late 2024"]
[Site "https://www.chess.com"]
[Date "2024.01.02"]
[Round "9"]
[White "Gardezi, Arsal"]
[Black "Blanco Diez, David"]
[Result "0-1"]
[Board "99"]
[TimeControl "180+1"]
[WhiteFideId "30949521"]
[BlackFideId "32032927"]
[WhiteElo "2161"]
[BlackElo "2437"]
[WhiteTeam "USA"]
[BlackTeam "ESP"]
[WhiteClock "0:00:10"]
[BlackClock "0:00:05"]

1. d4 d5 2. Nf3 Nf6 3. Bf4 c5 4. c3 Nc6 5. Nbd2 cxd4 6. cxd4 Bf5 7. a3 e6 8. e3 h6 9. Bb5 Bd6 10. Ne5 Rc8 11. Rc1 O-O 12. Bxc6 bxc6 13. Nxc6 Qd7 14. Bxd6 Qxd6 15. Ne5 Qa6 16. Nb3 Ne4 17. Nd7 Rfd8 18. Ndc5 Qb5 19. Nxe4 Bxe4 20. Nc5 Qxb2 21. O-O Qxa3 22. Ra1 Qb4 23. Rxa7 Bg6 24. Qg4 Qb6 25. Rfa1 Qd6 26. R7a6 Rc6 27. Ra7 h5 28. Qg5 Kh7 29. Nb7 Qc7 30. h4 Rc1+ 31. Rxc1 Qxc1+ 32. Kh2 Rd7 33. Ra8 Rxb7 34. Qd8 Qc7+ 35. Qxc7 Rxc7 36. Kg3 Be4 37. f3 Bd3 38. Kf4 Bg6 39. Rf8 f6 40. g4 hxg4 41. fxg4 Rf7 42. Re8 e5+ 43. dxe5 fxe5+ 44. Kxe5 Rf3 45. Kxd5 Rg3 46. h5 Bxe8 0-1

[Event "January 2 Late 2024"]
[Site "https://www.chess.com"]
[Date "2024.01.02"]
[Round "9"]
[White "Hamidi, Amir Mohammad"]
[Black "Caglar, Sila"]
[Result "0-1"]
[Board "100"]
[TimeControl "180+1"]
[WhiteFideId "12563285"]
[BlackFideId "6364063"]
[WhiteElo "2670"]
[BlackElo "2415"]
[WhiteTeam "IRI"]
[BlackTeam "TUR"]
[WhiteClock "0:00:00"]
[BlackClock "0:00:14"]

1. Nf3 Nf6 2. c4 d6 3. g3 g6 4. Bg2 Bg7 5. O-O O-O 6. Nc3 e5 7. d3 Re8 8. Rb1 c6 9. b4 d5 10. b5 Nbd7 11. bxc6 bxc6 12. Bg5 h6 13. Bxf6 Nxf6 14. cxd5 cxd5 15. e3 Bg4 16. Qa4 Bf5 17. Rfd1 Qe7 18. Nh4 Bg4 19. Rdc1 Be6 20. Qa5 Red8 21. Nf3 e4 22. dxe4 dxe4 23. Nd4 Bd7 24. Rb7 Rac8 25. Rcb1 Qc5 26. Qxc5 Rxc5 27. Nxe4 Ra5 28. Nd6 Rxa2 29. Rb8 Rxb8 30. Rxb8+ Bf8 31. Rb7 Bxd6 32. Bd5 Ra5 33. Bb3 Be5 34. Nf3 Bc3 35. Kf1 Rb5 0-1

[Event "January 2 Late 2024"]
[Site "https://www.chess.com"]
[Date "2024.01.02"]
[Round "9"]
[White "Zhu, Jiner"]
[Black "Teimouri Yadkuri, Shahdad"]
[Result "0-1"]
[Board "101"]
[TimeControl "180+1"]
[WhiteFideId "8608059"]
[BlackFideId "42515467"]
[WhiteElo "2636"]
[BlackElo "2409"]
[WhiteTeam "CHN"]
[BlackTeam "IRI"]
[WhiteClock "0:00:31"]
[BlackClock "0:01:13"]

1. c4 c6 2. Nc3 d5 3. d4 Nf6 4. e3 g6 5. Nf3 Bg7 6. Bd3 O-O 7. O-O dxc4 8. Bxc4 Bf5 9. Re1 Ne4 10. h3 Nd7 11. Nxe4 Bxe4 12. Nd2 Bd5 13. Bf1 e5 14. e4 Be6 15. Nf3 exd4 16. Nxd4 Nc5 17. Nxe6 Nxe6 18. Qb3 Qb6 19. Be3 Qxb3 20. axb3 Nd4 21. Rad1 Nc2 22. Re2 Nxe3 23. Rxe3 Bxb2 24. Rd7 b5 25. Red3 a5 26. Rc7 a4 27. bxa4 bxa4 0-1

[Event "January 2 Late 2024"]
[Site "https://www.chess.com"]
[Date "2024.01.02"]
[Round "9"]
[White "Esmeraldas Huachi, Anderson"]
[Black "Vlassov, Nikolai"]
[Result "1-0"]
[Board "102"]
[TimeControl "180+1"]
[WhiteFideId "3616363"]
[BlackFideId "4103360"]
[WhiteElo "2398"]
[BlackElo "2622"]
[WhiteTeam "ECU"]
[BlackTeam "FID"]
[WhiteClock "0:00:30"]
[BlackClock "0:00:06"]

1. d4 Nf6 2. c4 Nc6 3. Nc3 e5 4. d5 Ne7 5. e4 Ng6 6. Be2 Bc5 7. Be3 Bxe3 8. fxe3 d6 9. Nf3 O-O 10. O-O c6 11. Qd2 a5 12. a3 cxd5 13. exd5 Qb6 14. h3 a4 15. Kh2 Nd7 16. Bd1 Nc5 17. Nb5 Bd7 18. Nc3 f5 19. Rb1 Rf6 20. Ne1 Raf8 21. Nd3 f4 22. exf4 Nxd3 23. Qxd3 Nxf4 24. Qd2 Bf5 25. Bc2 Rg6 26. Bxf5 Rxf5 27. g3 Rxg3 28. Kxg3 Rg5+ 29. Kh2 Rg2+ 30. Qxg2 Nxg2 31. Kxg2 Qd4 32. Rf2 Qxc4 33. Rbf1 h6 34. Rf8+ Kh7 35. R8f7 b5 36. Rd7 b4 37. axb4 Qxb4 38. Rff7 Qxb2+ 39. Kf1 Kg6 40. Rxg7+ Kh5 41. Ne2 a3 42. Rg4 Qb1+ 43. Kg2 Qe4+ 44. Rxe4 1-0

[Event "January 2 Late 2024"]
[Site "https://www.chess.com"]
[Date "2024.01.02"]
[Round "9"]
[White "Aggelis, Nikolaos"]
[Black "Petr, Jan"]
[Result "1-0"]
[Board "103"]
[TimeControl "180+1"]
[WhiteFideId "4213220"]
[BlackFideId "345784"]
[WhiteElo "2559"]
[BlackElo "2407"]
[WhiteTeam "GRE"]
[BlackTeam "CZE"]
[WhiteClock "0:00:32"]
[BlackClock "0:00:00"]

1. c4 c5 2. Nf3 Nc6 3. d4 cxd4 4. Nxd4 g6 5. Nc3 Bg7 6. Nxc6 bxc6 7. g3 Ba6 8. Qa4 Qb6 9. Bg2 Bb7 10. O-O Nf6 11. Qc2 Qb4 12. b3 Ne4 13. Qxe4 Qxc3 14. Bg5 Qe5 15. Qxe5 Bxe5 16. Rad1 f6 17. Be3 a5 18. Bc5 d6 19. Ba3 Bc3 20. Rd3 Bb4 21. Bb2 Kf7 22. Rfd1 Rhc8 23. Bh3 Rc7 24. Re3 Bc5 25. Be6+ Kg7 26. Rf3 a4 27. g4 axb3 28. axb3 Ra2 29. Bc3 Rxe2 30. Re1 Rxe1+ 31. Bxe1 Bd4 32. Rd3 c5 33. b4 Be4 34. Rd1 Ra7 35. b5 Ra2 36. Rd2 Ra1 37. Kf1 Bf3 38. Rd3 Be4 39. Rb3 Bc2 40. b6 Bxb3 41. b7 Bc3 42. b8=Q Rxe1+ 43. Kg2 Rxe6 44. Qxb3 Bd4 45. Kf3 Re5 46. Qb7 h5 47. h3 hxg4+ 48. hxg4 Kf7 49. Kg3 f5 50. f3 Be3 51. gxf5 Rxf5 52. Qc8 Bd4 53. Kg4 Be5 54. Qb7 Rf4+ 55. Kh3 Kf6 56. Qd5 Rd4 57. Qg8 Rf4 58. Kg2 1-0

[Event "January 2 Late 2024"]
[Site "https://www.chess.com"]
[Date "2024.01.02"]
[Round "9"]
[White "Obon Temprano, Sergi"]
[Black "Avramidou, Anastasia"]
[Result "1/2-1/2"]
[Board "104"]
[TimeControl "180+1"]
[WhiteFideId "2226545"]
[BlackFideId "4239873"]
[WhiteElo "2364"]
[BlackElo "2548"]
[WhiteTeam "ESP"]
[BlackTeam "GRE"]
[WhiteClock "0:00:22"]
[BlackClock "0:00:28"]

1. Nf3 g6 2. c4 Nf6 3. Nc3 Bg7 4. g3 O-O 5. Bg2 c5 6. O-O d6 7. Rb1 Nc6 8. a3 a5 9. d3 e5 10. Bg5 Be6 11. Nd2 h6 12. Bxf6 Bxf6 13. Nd5 Bg7 14. b4 axb4 15. axb4 Bxd5 16. Bxd5 cxb4 17. Bxc6 bxc6 18. Rxb4 d5 19. cxd5 cxd5 20. Qb3 Qd6 21. Rb6 Qd7 22. Rb5 Rfd8 23. Rc1 Bf8 24. Rb7 Qa4 25. Rcc7 Qxb3 26. Nxb3 f6 27. Nc5 Ra1+ 28. Kg2 Rc1 29. Ne6 Rxc7 30. Rxc7 Rd6 31. Nxf8 Kxf8 32. Kf3 Ra6 33. Ke3 h5 34. h4 Rb6 35. f4 exf4+ 36. Kxf4 Re6 37. Kf3 Rd6 38. Kf4 Re6 39. e3 Rb6 40. Rd7 Rb5 41. Kf3 Ra5 42. Ke2 Rb5 43. Kf3 Ra5 44. Rb7 Rc5 45. e4 dxe4+ 46. Kxe4 Ra5 47. d4 g5 48. hxg5 fxg5 49. Rh7 h4 50. gxh4 gxh4 51. Rxh4 Ke7 52. Rh7+ Kd6 53. Rh6+ Kd7 54. d5 Ra1 55. Rh7+ Kd6 56. Rh6+ Kd7 57. Rh7+ Kd6 58. Rh6+ Kd7 1/2-1/2

[Event "January 2 Late 2024"]
[Site "https://www.chess.com"]
[Date "2024.01.02"]
[Round "9"]
[White "Bold, Andre"]
[Black "Mazzilli, Piero"]
[Result "1-0"]
[Board "105"]
[TimeControl "180+1"]
[WhiteFideId "16208471"]
[BlackFideId "807087"]
[WhiteElo "2498"]
[BlackElo "2338"]
[WhiteTeam "GER"]
[BlackTeam "ITA"]
[WhiteClock "0:01:14"]
[BlackClock "0:00:04"]

1. d4 d5 2. Nf3 c6 3. c3 Nf6 4. Bf4 Bf5 5. e3 e6 6. Bd3 Bg6 7. O-O Bd6 8. Bxd6 Qxd6 9. Ne5 O-O 10. f4 Bxd3 11. Qxd3 Ne4 12. Nd2 f6 13. Nxe4 dxe4 14. Nc4 Qxf4 15. exf4 exd3 16. Rad1 Nd7 17. Rxd3 Rfd8 18. Re1 Nf8 19. Na5 Rd7 20. b4 Rc8 21. Rde3 b6 22. Nb3 Ra8 23. Kf2 Kf7 24. g4 g6 25. Kf3 Rd5 26. a4 a5 27. bxa5 bxa5 28. Nc5 Rd6 29. Rb1 Ra7 30. Rb8 Nd7 31. Rb7 Rxb7 32. Nxb7 Rd5 33. Nd8+ Ke7 34. Nxe6 Ne5+ 35. fxe5 Kxe6 36. exf6+ Kxf6 37. Ke4 Rg5 38. h3 h5 39. Kf4 hxg4 40. hxg4 Rd5 41. Re8 c5 42. Re5 Rxe5 43. dxe5+ Ke6 44. Ke4 g5 45. c4 1-0

[Event "January 2 Late 2024"]
[Site "https://www.chess.com"]
[Date "2024.01.02"]
[Round "9"]
[White "Gerbelli Neto, Eduardo"]
[Black "Berezin, Viktor"]
[Result "1-0"]
[Board "106"]
[TimeControl "180+1"]
[WhiteFideId "2103281"]
[BlackFideId "14107872"]
[WhiteElo "2364"]
[BlackElo "2497"]
[WhiteTeam "BRA"]
[BlackTeam "UKR"]
[WhiteClock "0:00:13"]
[BlackClock "0:00:00"]

1. e4 c6 2. d4 d5 3. exd5 cxd5 4. c4 Nc6 5. Nc3 Nf6 6. Nf3 Bg4 7. cxd5 Nxd5 8. Qb3 Bxf3 9. gxf3 Nb6 10. d5 Nd4 11. Bb5+ Nxb5 12. Nxb5 a6 13. Nc3 g6 14. Be3 Nd7 15. Bd4 Rg8 16. Qxb7 Rb8 17. Qxa6 Bh6 18. O-O Bf4 19. Rfe1 Kf8 20. Qe2 g5 21. h3 h5 22. Rad1 g4 23. fxg4 hxg4 24. h4 g3 25. Qh5 gxf2+ 26. Kxf2 Qc7 27. Ne4 Bg3+ 28. Kf1 Qf4+ 29. Nf2 Bxf2 30. Bxf2 Rxb2 31. Re2 Nf6 32. Qe5 Qxe5 33. Rxe5 Rxa2 34. d6 exd6 35. Rxd6 Ng4 36. Rd8+ Kg7 37. Rg5+ Kf6 38. Rgxg8 Nxf2 39. Rg2 Ke7 40. Rb8 Ra1+ 41. Kxf2 1-0

[Event "January 2 Late 2024"]
[Site "https://www.chess.com"]
[Date "2024.01.02"]
[Round "9"]
[White "Stojanovski, Sandi"]
[Black "Ardila, Oscar Humberto"]
[Result "1-0"]
[Board "107"]
[TimeControl "180+1"]
[WhiteFideId "1403249"]
[BlackFideId "4404742"]
[WhiteElo "2489"]
[BlackElo "2335"]
[WhiteTeam "DEN"]
[BlackTeam "COL"]
[WhiteClock "0:00:13"]
[BlackClock "0:00:22"]

1. c4 Nf6 2. Nc3 d6 3. e4 Nbd7 4. d4 e5 5. Nf3 Be7 6. Be2 O-O 7. O-O c6 8. Re1 Qc7 9. Bg5 h6 10. Be3 Re8 11. h3 Nf8 12. d5 cxd5 13. cxd5 Bd7 14. Rc1 Qb8 15. a4 Rc8 16. Nd2 Ng6 17. Bf1 Nf4 18. Kh2 Rc7 19. g3 Ng6 20. a5 Bd8 21. b4 Qc8 22. Nb5 Bxb5 23. Bxb5 a6 24. Bd3 Ne7 25. Rxc7 Bxc7 26. Nc4 Qd7 27. Qf3 Ne8 28. Rc1 Rc8 29. Qd1 Bd8 30. Nb6 Bxb6 31. Bxb6 g6 32. Rc2 Kg7 33. Qc1 f5 34. Rxc8 Nxc8 35. Be3 h5 36. Bh6+ Kh7 37. Bg5 Ng7 38. Qc2 Ne7 39. Bf6 Ng8 40. Bg5 Nh6 41. Be3 Ng8 42. Bb6 Nf6 43. exf5 gxf5 44. Qc7 Qa4 45. Qxd6 Nfe8 46. Qxe5 Qxb4 47. Bxf5+ Kg8 48. Bd4 Qf8 49. Be6+ Kh7 50. Qe4+ Kh8 51. f4 Nf6 52. Qe5 Nfe8 53. Bd7 Qf7 54. Bxe8 Kh7 55. Qxg7+ Qxg7 56. Bxg7 Kxg7 57. d6 Kf6 58. d7 Ke7 59. g4 hxg4 60. hxg4 b5 61. axb6 a5 62. b7 a4 63. b8=Q a3 64. Qb3 a2 65. Qxa2 Kd8 66. Qf2 Ke7 67. g5 Kd8 68. Kg3 Ke7 69. Kg4 Kd8 70. f5 Ke7 71. g6 Kd8 72. Kg5 Ke7 73. g7 Kd8 74. g8=Q Ke7 75. Qe6+ Kd8 76. Qfe2 Kc7 77. d8=Q+ Kxd8 78. Qd7# 1-0

[Event "January 2 Late 2024"]
[Site "https://www.chess.com"]
[Date "2024.01.02"]
[Round "9"]
[White "Reprintsev, Alexander"]
[Black "Biernacki, Mark"]
[Result "1/2-1/2"]
[Board "108"]
[TimeControl "180+1"]
[WhiteFideId "14100541"]
[BlackFideId "2082322"]
[WhiteElo "2481"]
[BlackElo "2327"]
[WhiteTeam "UKR"]
[BlackTeam "USA"]
[WhiteClock "0:00:09"]
[BlackClock "0:00:31"]

1. e4 c6 2. Nc3 d5 3. Nf3 dxe4 4. Nxe4 Nf6 5. Qe2 Nxe4 6. Qxe4 Qd5 7. Qf4 Bf5 8. d3 e6 9. Bd2 Nd7 10. Nh4 Bg6 11. Nxg6 hxg6 12. h3 Bd6 13. Qa4 Qe5+ 14. Be2 Qxb2 15. Rd1 Nb6 16. Qb3 Qe5 17. f4 Qd5 18. Bf3 Qxb3 19. axb3 Nd5 20. g3 Bb4 21. c4 Ne3 22. Rc1 Bxd2+ 23. Kxd2 Nf5 24. g4 Nd4 25. Bd1 a5 26. Ra1 Ke7 27. Ke3 c5 28. h4 b6 29. Rh3 Rad8 30. Rh2 Nc6 31. Rh3 Nb4 32. Be2 Rd4 33. Rd1 Rhd8 34. Rd2 R8d7 35. h5 gxh5 36. gxh5 Kf6 37. h6 gxh6 38. Rxh6+ Ke7 39. Rh8 Rd8 40. Rxd8 Rxd8 41. Bf3 Kf6 42. Be4 Ke7 43. f5 Kf6 44. fxe6 Kxe6 45. Rf2 f6 46. Bf5+ Ke5 47. Be4 Ke6 48. Bf5+ Ke7 49. Be4 Rd6 50. Rg2 Kf7 51. Bg6+ Ke7 52. Be4 Kf7 53. Bg6+ Ke7 54. Be4 1/2-1/2

[Event "January 2 Late 2024"]
[Site "https://www.chess.com"]
[Date "2024.01.02"]
[Round "9"]
[White "Chocenka, Dmitrijus"]
[Black "Rodriguez Avila, Alvaro"]
[Result "0-1"]
[Board "109"]
[TimeControl "180+1"]
[WhiteFideId "12802336"]
[BlackFideId "24570249"]
[WhiteElo "2457"]
[BlackElo "2314"]
[WhiteTeam "LTU"]
[BlackTeam "ESP"]
[WhiteClock "0:00:19"]
[BlackClock "0:00:05"]

1. e4 c5 2. Nf3 d6 3. d4 cxd4 4. Nxd4 Nf6 5. Nc3 Nc6 6. Bg5 g6 7. Bxf6 exf6 8. Nb3 Bg7 9. Be2 O-O 10. O-O f5 11. Rb1 Bxc3 12. bxc3 fxe4 13. f3 d5 14. Kh1 Qc7 15. fxe4 dxe4 16. Nc5 Qe7 17. Qd5 Rd8 18. Qc4 Ne5 19. Qb4 Bf5 20. Nxe4 Qxb4 21. Rxb4 b6 22. Bf3 Nxf3 23. gxf3 Kg7 24. Rd4 Rac8 25. Rxd8 Rxd8 26. Rf2 Bh3 27. Rd2 Rxd2 28. Nxd2 Be6 29. a3 b5 30. Nb3 a6 31. Kg2 Kf6 32. Kf2 Ke5 33. Ke3 g5 34. Nc5 Bc8 35. Ne4 h6 36. Nd2 f5 37. c4 Be6 38. cxb5 axb5 39. Nb3 h5 40. Nd4 Bd7 41. Ne2 f4+ 42. Kf2 Bf5 43. c3 Bd3 44. Nd4 Kd5 45. Ke1 g4 46. fxg4 hxg4 47. Kd2 Bc4 48. Nf5 Ke4 49. Nd6+ Kf3 50. Nxc4 bxc4 51. a4 g3 52. hxg3 fxg3 53. a5 g2 54. a6 g1=Q 55. a7 Qxa7 0-1

[Event "January 2 Late 2024"]
[Site "https://www.chess.com"]
[Date "2024.01.02"]
[Round "9"]
[White "Arlo2024"]
[Black "Lopusiewicz, Piotr"]
[Result "0-1"]
[Board "110"]
[TimeControl "180+1"]
[BlackFideId "1116029"]
[WhiteElo "2266"]
[BlackElo "2452"]
[BlackTeam "POL"]
[WhiteClock "0:00:00"]
[BlackClock "0:00:15"]

1. e4 e5 2. Nf3 Nc6 3. Bc4 Nf6 4. d4 exd4 5. O-O Nxe4 6. Re1 d5 7. Bxd5 Qxd5 8. Nc3 Qh5 9. Nxe4 Be6 10. Bg5 Bd6 11. h4 h6 12. Nxd6+ cxd6 13. Bf4 Qd5 14. c3 Qf5 15. Bxd6 O-O-O 16. Bg3 dxc3 17. Qa4 cxb2 18. Rab1 Qa5 19. Qf4 Rd3 20. Rf1 g5 21. Qf6 Rhd8 22. Rxb2 g4 23. Ne5 Qc3 24. Rb5 a6 25. Rbb1 Rxg3 26. fxg3 Qxe5 27. Qf2 Qd4 28. Rfc1 Qxf2+ 29. Kxf2 Rd2+ 30. Ke3 Rxg2 31. Kf4 Rf2+ 32. Ke4 Rxa2 33. Rf1 Ra4+ 34. Ke3 Ra3+ 35. Kf2 Rf3+ 36. Kg2 Bd5 37. Kg1 Rxg3+ 38. Kf2 Rg2+ 39. Ke3 Rg3+ 40. Kd2 Rf3 41. Rxf3 Bxf3 42. Re1 Kd7 43. h5 f5 44. Ke3 Be4 45. Kf4 Ke6 46. Rd1 Ne5 47. Rc1 Nd3+ 48. Ke3 Nxc1 49. Kd2 g3 50. Kxc1 g2 0-1

[Event "January 2 Late 2024"]
[Site "https://www.chess.com"]
[Date "2024.01.02"]
[Round "9"]
[White "Gonzalez Zharikov, Andrey"]
[Black "Baules Rodriguez, Jorge Luis"]
[Result "0-1"]
[Board "111"]
[TimeControl "180+1"]
[WhiteFideId "5145287"]
[BlackFideId "6600247"]
[WhiteElo "2309"]
[BlackElo "2432"]
[WhiteTeam "MEX"]
[BlackTeam "PAN"]
[WhiteClock "0:00:14"]
[BlackClock "0:00:56"]

1. e4 c5 2. Nf3 d6 3. d4 cxd4 4. Qxd4 Nc6 5. Bb5 Bd7 6. Bxc6 Bxc6 7. Nc3 Nf6 8. Bg5 e6 9. O-O-O Be7 10. Rhe1 O-O 11. Qd2 Rc8 12. Nd4 Re8 13. f3 a6 14. g4 b5 15. Nxc6 Rxc6 16. e5 dxe5 17. Qxd8 Rxd8 18. Rxd8+ Bxd8 19. Bxf6 gxf6 20. Rd1 Bb6 21. Rd7 f5 22. Kd2 Bd4 23. Nd1 Kg7 24. c3 Bc5 25. b4 Bb6 26. Nb2 Bc7 27. a4 e4 28. axb5 axb5 29. gxf5 exf5 30. fxe4 fxe4 31. Rd5 Bxh2 32. Rxb5 Kg6 33. c4 f5 34. c5 Rc8 35. Rb6+ Kg5 36. c6 f4 37. b5 f3 38. Nd1 Bf4+ 39. Ke1 e3 40. Rb7 Bg3+ 0-1